Selects Luftwaffe Battlegroup
Selects Luftwaffe Pioneer Support
Fallschirmpioneer Squad Paradrop
Fallschirmpioneer Squad Paradrop
Fallschirmpioneer Squad Paradrop
Construct Infanterie Kompanie
Infanterie Officer Quarters
Construct Panzergrenadier Kompanie
Selects LG40 Recoilless Gun Paradrop
Pak 40 Anti-tank Gun Team
Nebelwerfer 42 Rocket Launcher Team
Selects Reconnaissance Run
Selects Fallschirmjäger Squad Paradrop
Panzergrenadier Officer Quarters
Nebelwerfer 42 Rocket Launcher Team
Fallschirmpioneer Squad Paradrop